 Dungeon Crawl Stone Soup version 0.26.1-2-gb8aa6d0cf2 (webtiles) character file.

Game seed: 3368407748563272403

62 Descartes the Gusty (level 3, 0/20 HPs)
             Began as a Deep Elf Wanderer on Mar 12, 2021.
             Slain by an ogre
             ... wielding a +0 giant spiked club
              (20 damage)
             ... on level 2 of the Dungeon.
             The game lasted 00:04:36 (1909 turns).

Descartes the Gusty (Deep Elf Wanderer)             Turns: 1909, Time: 00:04:38

Health: 0/20       AC: 10    Str:  9    XL:     3   Next: 85%
Magic:  3/8        EV:  9    Int: 19    God:
Gold:   44         SH:  0    Dex: 12    Spells: 5/6 levels left

rFire    . . .     SeeInvis .   a - +0 hand crossbow
rCold    . . .     Faith    .   (no shield)
rNeg     . . .     Spirit   .   j - quicksilver dragon scales
rPois    .         Reflect  .   (no helmet)
rElec    .         Harm     .   n - +0 cloak
rCorr    .         Rampage  .   (no gloves)
Will     +....                  (no boots)
Stlth    +.........             (no amulet)
HPRegen  0.06/turn              h - ring of wizardry
MPRegen  0.11/turn              (no ring)

@: no status effects
A: no striking features
a: no special abilities


You were on level 2 of the Dungeon.
You visited 1 branch of the dungeon, and saw 2 of its levels.

You collected 44 gold pieces.

Inventory:

Hand Weapons
 a - a +0 hand crossbow (weapon)
 o - a +0 hunting sling
Missiles
 b - 73 stones
 c - 23 bolts (quivered ammo)
 i - 18 poisoned darts
 p - 2 datura-tipped darts
Armour
 e - a +0 robe
 j - quicksilver dragon scales (worn)
 n - a +0 cloak (worn)
Jewellery
 h - a ring of wizardry (left hand)
Scrolls
 d - a scroll of teleportation
 f - a scroll of immolation {unknown}
 k - a scroll of fog {unknown}
 q - a scroll of identify {unknown}
 r - a scroll of remove curse {unknown}
Potions
 g - a potion of lignification {unknown}
 l - a potion of flight {unknown}
 m - a potion of haste {unknown}


   Skills:
 - Level 1.0 Fighting
 - Level 2.6 Bows
 + Level 0.5 Crossbows
 - Level 1.2 Stealth
 - Level 1.0 Shields
 + Level 2.4 Spellcasting
 + Level 1.9 Conjurations
 - Level 1.1 Translocations
 + Level 4.5 Air Magic


You had 5 spell levels left.
You knew the following spells:

 Your Spells              Type           Power        Failure   Level
a - Shock                 Conj/Air       56%          4%          1

Your spell library contained the following spells:

 Spells                   Type           Power        Failure   Level
 Swiftness                Air            19%          4%          2
 Static Discharge         Conj/Air       14%          14%         3
 Airstrike                Air            9%           26%         4
 Lightning Bolt           Conj/Air       7%           75%         5


Dungeon Overview and Level Annotations

Branches:
Dungeon (2/15)

Altars:


Message History

You kill the jackal!
The jackal bites you but does no damage. x2
Casting: Shock (safe; 4% risk of failure)
Confirm with . or Enter, or press ? or * to list all spells.
Aiming: Shock (safe; 4% risk of failure)
Press: ? - help, Shift-Dir - straight line, f/p - ogre
Aim: an ogre, wielding a +0 giant spiked club (heavily wounded, 14% to evade)
The zap hits the jackal.
You kill the jackal!
The zap misses the ogre.
Casting: Shock (safe; 4% risk of failure)
Confirm with . or Enter, or press ? or * to list all spells.
Aiming: Shock (safe; 4% risk of failure)
Press: ? - help, Shift-Dir - straight line, f/p - ogre
Aim: an ogre, wielding a +0 giant spiked club (heavily wounded, 14% to evade)
The zap hits the ogre.
The ogre is severely wounded.
The ogre hits you with a +0 giant spiked club!!
Ouch! That really hurt!
You die...

.###.......# #.......#
..†........# #..)....#
.####..##.## #.......# .##
#..##.# ###...### ...##.....#
#...# ##.......### ##.## ########
###.......# #.# #......#
.......#.#.######.#######.####.##
####.#.........O@..........###.##
#.##..#.######.#######..#.....
#.....#.# #.# #......## #.....O.#
#.# #.##.#... ###...### #.#
#.<....## #...# ###.### ######.##
#...# O...... #.## #...# .†.##.#
######... #...(.O...##.##>#
#........


You could see an ogre.

Vanquished Creatures
  2 adders (D:2)
  A white imp (D:2)
  A worm (D:2)
  A dart slug (D:2)
  7 bats
  3 goblins (D:1)
  5 hobgoblins
  2 jackals (D:2)
  A quokka (D:2)
  A frilled lizard (D:1)
  4 kobolds
  5 rats
33 creatures vanquished.

Notes
Turn   | Place    | Note
-------+----------+-------------------------------------------
     0 | D:1      | Descartes the Deep Elf Wanderer began the quest for the
                  | Orb.
     0 | D:1      | Descartes set off with the following items: a +0 hand
                  | crossbow, 23 bolts, a scroll of teleportation, a +0 robe;
                  | and the following spell memorised: Shock; and the following
                  | spells available to memorise: Swiftness, Static Discharge,
                  | Airstrike, Lightning Bolt
     0 | D:1      | Reached XP level 1. HP: 12/12 MP: 3/3
   193 | D:1      | Reached skill level 1 in Spellcasting
   317 | D:1      | Reached skill level 1 in Conjurations
   317 | D:1      | Reached XP level 2. HP: 16/16 MP: 1/5
  1262 | D:2      | Reached XP level 3. HP: 20/20 MP: 5/7
  1362 | D:2      | Noticed an ogre
  1909 | D:2      | Slain by an ogre

Illustrated notes

Levels and vault maps discovered:
D:1:      nzn_arrival_crosshair, layout_basic, minmay_misc_feat_alley
D:2:      layout_loops_cross, uniq_terence

Skill      XL: |  1  2  3 |
---------------+----------+-----
Spellcasting   | 1 2 |  2.4
Conjurations   | 1 |  1.9
Fighting       | |  1.0
Bows           | |  2.6
Crossbows      | |  0.5
Stealth        | |  1.2
Shields        | |  1.0
Translocations | |  1.1
Air Magic      | |  4.5

Action                   || total
-------------------------++-------
 Fire: Hand crossbow     ||     6
 Cast: Shock             ||    74
Armor: Robe              ||     1
       Quicksilver drago ||     7
Dodge: Dodged            ||     8
